 Dungeon Crawl Stone Soup version 0.27.1-35-g4d5d836560 (webtiles) character file.

Game seed: 8542109646379290190

75 cbfl8 the Skirmisher (level 4, 0/41 HPs)
             Began as a Minotaur Fighter on Mar 26, 2022.
             Slain by a hobgoblin (8 damage)
             ... on level 3 of the Dungeon.
             The game lasted 00:03:13 (2165 turns).

cbfl8 the Skirmisher (Minotaur Fighter)             Turns: 2165, Time: 00:03:14

Health: 0/41       AC:  8    Str: 21    XL:     4   Next: 11%
Magic:  3/3        EV:  7    Int:  5    God:
Gold:   135        SH:  9    Dex: 10    Spells: 3/3 levels left

rFire    . . .     SeeInvis .   a - +0 war axe
rCold    . . .     Faith    .   c - +0 kite shield
rNeg     . . .     Spirit   .   b - +0 scale mail
rPois    .         Reflect  .   (helmet restricted)
rElec    .         Harm     .   o - +0 cloak
rCorr    .         Rampage  .   (no gloves)
Will     .....                  (no boots)
Stlth    ..........             (no amulet)
HPRegen  0.13/turn              (no ring)
MPRegen  0.08/turn              (no ring)

@: no status effects
A: horns 2, retaliatory headbutt
a: no special abilities


You were on level 3 of the Dungeon.
You visited 1 branch of the dungeon, and saw 3 of its levels.

You collected 135 gold pieces.

Inventory:

Hand Weapons
 a - a +0 war axe (weapon)
Armour
 b - a +0 scale mail (worn)
 c - a +0 kite shield (worn)
 o - a +0 cloak (worn)
Scrolls
 g - a scroll of immolation {unknown}
 i - a scroll of vulnerability {unknown}
 k - a scroll of fog {unknown}
 l - a scroll of magic mapping {unknown}
 p - a scroll of enchant weapon {unknown}
Potions
 d - 2 potions of might
 e - a potion of attraction {unknown}
 f - 3 potions of haste {unknown}
 h - a potion of berserk rage {unknown}
 j - a potion of heal wounds {unknown}
 m - a potion of cancellation {unknown}
 n - a potion of curing {unknown}
 q - a potion of invisibility {unknown}


   Skills:
 + Level 4.3 Fighting
 + Level 3.5 Axes
 + Level 4.1 Armour
 + Level 0.5 Dodging
 + Level 4.3 Shields


You had 3 spell levels left.
You didn't know any spells.
Your spell library contained the following spells:

 Spells                   Type           Power      Damage    Failure   Level
 Slow                     Hex            0%         N/A       100%        2
 Confusing Touch          Hex            0%         N/A       100%        3
 Vampiric Draining        Necr           0%         2d6       100%        3


Dungeon Overview and Level Annotations

Branches:
Dungeon (3/15)

Altars:
Hepliaklqana
Okawaru
Trog


Innate Abilities, Weirdness & Mutations

You have a pair of horns on your head.
You reflexively headbutt those who attack you in melee.


Message History

Grinder hits you. Grinder hits you!
* * * LOW HITPOINT WARNING * * *
The quokka bites you but does no damage.
You can move again.
You hit Grinder.
Grinder is severely wounded.
You closely miss the quokka. You block the quokka's attack.
Grinder completely misses you. You block the quokka's attack.
Grinder closely misses you.
You barely miss Grinder.
Grinder is severely wounded.
You closely miss the quokka. The quokka bites you.
* * * LOW HITPOINT WARNING * * *
A hobgoblin comes into view.
It is wielding a +1 broad axe of electrocution.
You block Grinder's attack. You block the quokka's attack.
The hobgoblin shouts!
You hit Grinder.
Grinder is severely wounded.
You slash the quokka!
You kill the quokka!
You block Grinder's attack. Grinder barely misses you.
You closely miss Grinder. You headbutt Grinder, but do no damage.
Grinder is severely wounded.
You block Grinder's attack.
You closely miss Grinder.
Grinder is severely wounded.
Grinder gestures at you.
You suddenly lose the ability to move!
Grinder hits you but does no damage. Grinder hits you but does no damage.
The hobgoblin hits you with a +1 broad axe of electrocution.
* * * LOW HITPOINT WARNING * * *
Grinder gestures at you.
You shrug off the repeated paralysis!
You can move again.
You slash Grinder!
You kill Grinder!
You closely miss the hobgoblin.
The hobgoblin hits you with a +1 broad axe of electrocution!
You die...

#.#.#.....# ............
#.#.#.....# ...........#
#.#...†...# ...........#
#.#.###.#.# ...........#
#.#.# #.#.# ...........#
#.#.# #.#.# ...........#
#.#.###.#.# ......)!...#
#.#..##.#.# ......)@...#
#.......#..
......g....######.####.#
...............##..# #.#
...............###.# #.#
###.#######....# #.###.#
#. #....# #..##.# .
#....# ##.##.# . #....#
#.#... ###....####.#._.


You could see a hobgoblin.

Vanquished Creatures
  Grinder (D:3)
  An adder (D:2)
  2 worms (D:2)
  A dart slug (D:3)
  An orc (D:3)
  5 ball pythons
  3 endoplasms
  2 giant cockroaches
  7 goblins
  4 hobgoblins
  5 jackals
  3 quokkas
  2 bats
  4 frilled lizards
  7 kobolds
  4 rats
  A spectral orc (D:3)
53 creatures vanquished.

Notes
Turn   | Place    | Note
-------+----------+-------------------------------------------
     0 | D:1      | cbfl8 the Minotaur Fighter began the quest for the Orb.
     0 | D:1      | Reached XP level 1. HP: 19/19 MP: 0/0
   118 | D:1      | Reached XP level 2. HP: 27/27 MP: 1/1
   576 | D:1      | Reached XP level 3. HP: 32/33 MP: 2/2
   964 | D:2      | Found an iron altar of Okawaru.
  1770 | D:2      | Found a faded altar of an unknown god.
  1892 | D:3      | Found a bloodstained altar of Trog.
  2012 | D:3      | Found a hazy altar of Hepliaklqana.
  2016 | D:3      | Reached XP level 4. HP: 41/41 MP: 3/3
  2145 | D:3      | Noticed Grinder
  2155 | D:3      | Paralysed by Grinder for 3 turns
  2162 | D:3      | Paralysed by Grinder for 3 turns
  2165 | D:3      | Killed Grinder
  2165 | D:3      | Slain by a hobgoblin

Illustrated notes

Levels and vault maps discovered:
D:1:      dpeg_arrival_triangle_fractal, layout_basic, minmay_cut_off
D:2:      layout_basic, basic_altar, dilly_ecumenical_altar_fadedgnrine
D:3:      layout_basic, bloody_trog, nicolae_hepliaklqana_monster_ancestors,
          serial_glass, glass_columns_a, glass_columns_c, ebering_ghost_sewer_d,
          uniq_grinder

Skill      XL: |  1  2  3 |
---------------+----------+-----
Shields        | 4 |  4.3
Fighting       | 4 |  4.3
Armour         | 4 |  4.1
Axes           | 3 |  3.5
Dodging        | |  0.5

Action                   |  1- 3 |  4- 6 || total
-------------------------+-------+-------++-------
Melee: War axe           |    88 |    16 ||   104
       Headbutt          |    12 |     3 ||    15
Armor: Scale mail        |    63 |     5 ||    68
Dodge: Dodged            |    34 |     9 ||    43
Block: Kite shield       |    67 |    11 ||    78
